TOP OF THE 1ST |
Boston Patriots batting - Pitching for Portland Evergreens : RHP Robert Smalls
|
Pitching: RHP Robert Smalls
|
|
Batting: LHB Manuel Carmona
|
0-0: Swinging Strike 0-1: Ground out 4-3 (Groundball, 34D, EV 89.4 MPH)
|
Batting: LHB Jorge Alejándrez
|
0-0: SINGLE (Flyball, 89S, EV 86.9 MPH)
|
Batting: RHB Dennis Wacher
|
0-0: Ball 1-0: Fielders Choice at 2nd, 6-4 (Groundball, 6, EV 94.4 MPH)
|
Batting: SHB Edward Sterrenburg
|
0-0: Called Strike 0-1: Ball 1-1: Swinging Strike 1-2: Ball 2-2: Ball Dennis Wacher steals 2nd base (no throw) 3-2: Foul Ball, location: 2F 3-2: Fly out, F7 (Flyball, 7LS, EV 76.2 MPH)
|
Top of the 1st over - 0 runs, 1 hit, 0 errors, 1 left on base; Boston 0 - Portland 0 |
BOTTOM OF THE 1ST |
Portland Evergreens batting - Pitching for Boston Patriots : RHP Firpo Marberry
|
Pitching: RHP Firpo Marberry
|
|
Batting: SHB Willie McGirt
|
0-0: Ball 1-0: Foul Ball, location: 2F 1-1: Ball 2-1: Foul Ball, location: 2F 2-2: Foul Ball, location: 2F 2-2: Ball 3-2: Base on Balls
|
Batting: RHB Jeff Solís
|
0-0: Called Strike 0-1: Foul Ball, location: 2F 0-2: Ball 1-2: Foul Ball, location: 2F 1-2: Ball 2-2: Ball 3-2: TRIPLE (Flyball, 89XD, EV 103.8 MPH) Willie McGirt scores
|
Batting: RHB Blaze Alexander
|
0-0: Ball 1-0: Ground out 5-3 (Groundball, 56, EV 103.8 MPH) Jeff Solís scores
|
Batting: SHB Billy Dotson
|
0-0: Foul Ball, location: 2F 0-1: Ball 1-1: Fly out, F7 (Flyball, 7S, EV 87.5 MPH)
|
Batting: LHB John Schaefer
|
0-0: Fly out, F7 (Flyball, 78D, EV 95.6 MPH)
|
Bottom of the 1st over - 2 runs, 1 hit, 0 errors, 0 left on base; Boston 0 - Portland 2 |
TOP OF THE 2ND |
Boston Patriots batting - Pitching for Portland Evergreens : RHP Robert Smalls
|
Batting: RHB Wilbur Davis
|
0-0: Called Strike 0-1: Ball 1-1: Fly out, F9 (Flyball, 9LM, EV 91.9 MPH)
|
Batting: LHB Jeff Simpson
|
0-0: Called Strike 0-1: Ground out 1-3 (Groundball, 13S, EV 66.9 MPH)
|
Batting: RHB Roland Deschain
|
0-0: Ball 1-0: SINGLE (Line Drive, 6MD, EV 96.9 MPH)
|
Batting: RHB Anselmo Berneu
|
0-0: Called Strike 0-1: Ball 1-1: Foul Ball, location: 2F 1-2: Ball 2-2: 2-RUN HOME RUN (Flyball, 9LD, EV 88.1 MPH), Distance : 359 ft
|
Batting: RHB John Mayasich
|
0-0: Fly out, F8 (Flyball, 89D, EV 100.0 MPH)
|
Top of the 2nd over - 2 runs, 2 hits, 0 errors, 0 left on base; Boston 2 - Portland 2 |
BOTTOM OF THE 2ND |
Portland Evergreens batting - Pitching for Boston Patriots : RHP Firpo Marberry
|
Batting: RHB Bastiaan Pieterse
|
0-0: Ball 1-0: Ball 2-0: Ball 3-0: DOUBLE (Line Drive, 89D, EV 103.1 MPH)
|
Pinch Runner at 2nd Mei Kim:
|
|
Batting: RHB Armando Rodríguez
|
0-0: Ball 1-0: Foul Ball, location: 2F 1-1: Swinging Strike 1-2: Strikes out swinging
|
Batting: LHB Jérôme Masson
|
0-0: Foul Ball, location: 2F 0-1: Ball 1-1: Ground out 4-3 (Groundball, 4, EV 99.4 MPH) Mei Kim to third
|
Batting: RHB Yu-shu Tseng
|
0-0: Called Strike 0-1: Ball 1-1: Foul Ball, location: 2F 1-2: Strikes out looking
|
Bottom of the 2nd over - 0 runs, 1 hit, 0 errors, 1 left on base; Boston 2 - Portland 2 |
TOP OF THE 3RD |
Boston Patriots batting - Pitching for Portland Evergreens : RHP Robert Smalls
|
Now at C: Pacu Martic
|
|
Batting: LHB Manuel Carmona
|
0-0: Foul Ball, location: 2F 0-1: Fly out, F9 (Line Drive, 9, EV 83.1 MPH)
|
Batting: LHB Jorge Alejándrez
|
0-0: Foul Ball, location: 2F 0-1: Fly out, F9 (Flyball, 89S, EV 87.5 MPH)
|
Batting: RHB Dennis Wacher
|
0-0: Foul Ball, location: 2F 0-1: Foul Ball, location: 2F 0-2: Ball 1-2: Ball 2-2: Ground out 1-3 (Groundball, 15S, EV 72.5 MPH)
|
Top of the 3rd over - 0 runs, 0 hits, 0 errors, 0 left on base; Boston 2 - Portland 2 |
BOTTOM OF THE 3RD |
Portland Evergreens batting - Pitching for Boston Patriots : RHP Firpo Marberry
|
Batting: SHB Willie McGirt
|
0-0: Ball 1-0: Called Strike 1-1: Ball 2-1: Ball 3-1: Foul Ball, location: 2F 3-2: SOLO HOME RUN (Flyball, 89XD, EV 91.2 MPH), Distance : 390 ft
|
Batting: RHB Jeff Solís
|
0-0: Foul Ball, location: 2F 0-1: Fly out, F2 (Popup, 23F, EV 88.1 MPH)
|
Batting: RHB Blaze Alexander
|
0-0: Called Strike 0-1: SINGLE (Groundball, 15S, EV 76.2 MPH) (infield hit)
|
Batting: SHB Billy Dotson
|
0-0: Ball Wild Pitch! Blaze Alexander to second 1-0: Swinging Strike 1-1: Ball 2-1: SINGLE (Groundball, 34D, EV 104.4 MPH) Blaze Alexander to third Runner from 3rd tries for Home, throw by RF and OUT! 9-2
|
Batting: LHB John Schaefer
|
0-0: Called Strike 0-1: Ball 1-1: Swinging Strike 1-2: SINGLE (Line Drive, 89S, EV 85.6 MPH) Billy Dotson to second Runner from 2nd tries for 3rd, SAFE, no throw by CF
|
Batting: RHB Pacu Martic
|
0-0: Foul Ball, location: 2F 0-1: Ball 1-1: Ball 2-1: Foul Ball, location: 2F 2-2: Strikes out looking
|
Bottom of the 3rd over - 1 run, 4 hits, 0 errors, 2 left on base; Boston 2 - Portland 3 |
TOP OF THE 4TH |
Boston Patriots batting - Pitching for Portland Evergreens : RHP Robert Smalls
|
Batting: SHB Edward Sterrenburg
|
0-0: Called Strike 0-1: Foul Ball, location: 2F 0-2: Ball 1-2: Foul Ball, location: 2F 1-2: Foul Ball, location: 2F 1-2: Ball 2-2: Reached on error, E5 (Groundball, 5, EV 85.0 MPH)
|
Batting: RHB Wilbur Davis
|
0-0: Called Strike 0-1: Swinging Strike 0-2: Ball 1-2: Ball 2-2: Fly out, F7 (Line Drive, 7S, EV 96.2 MPH)
|
Batting: LHB Jeff Simpson
|
0-0: Called Strike 0-1: Ball 1-1: DOUBLE (Line Drive, 78M, EV 92.5 MPH) Edward Sterrenburg to third Runner from 3rd tries for Home, SAFE, no throw by LF
|
Batting: RHB Roland Deschain
|
0-0: Called Strike 0-1: Swinging Strike 0-2: Ball 1-2: Strikes out looking
|
Batting: RHB Anselmo Berneu
|
0-0: Called Strike 0-1: Ball 1-1: Ball 2-1: Ball 3-1: Base on Balls
|
Batting: RHB John Mayasich
|
0-0: Foul Ball, location: 2F 0-1: Ball 1-1: Fly out, F9 (Flyball, 9D, EV 84.4 MPH)
|
Top of the 4th over - 1 run, 1 hit, 1 error, 2 left on base; Boston 3 - Portland 3 |
BOTTOM OF THE 4TH |
Portland Evergreens batting - Pitching for Boston Patriots : RHP Firpo Marberry
|
Batting: RHB Armando Rodríguez
|
0-0: Fly out, F9 (Flyball, 9LM, EV 85.6 MPH)
|
Batting: LHB Jérôme Masson
|
0-0: Ball 1-0: Called Strike 1-1: Fly out, F9 (Flyball, 89XD, EV 95.6 MPH)
|
Batting: RHB Yu-shu Tseng
|
0-0: Ball 1-0: Foul Ball, location: 2F 1-1: Called Strike 1-2: Strikes out swinging
|
Bottom of the 4th over - 0 runs, 0 hits, 0 errors, 0 left on base; Boston 3 - Portland 3 |
TOP OF THE 5TH |
Boston Patriots batting - Pitching for Portland Evergreens : RHP Robert Smalls
|
Batting: LHB Manuel Carmona
|
0-0: Called Strike 0-1: Swinging Strike 0-2: Ball 1-2: Ball 2-2: Foul Ball, location: 2F 2-2: Strikes out swinging
|
Batting: LHB Jorge Alejándrez
|
0-0: Ball 1-0: Called Strike 1-1: Foul Ball, location: 2F 1-2: Ball 2-2: Ball 3-2: Strikes out swinging
|
Batting: RHB Dennis Wacher
|
0-0: Ball 1-0: Ball 2-0: Ball 3-0: Called Strike 3-1: Ground out 4-3 (Groundball, 4MS, EV 81.9 MPH)
|
Top of the 5th over - 0 runs, 0 hits, 0 errors, 0 left on base; Boston 3 - Portland 3 |
BOTTOM OF THE 5TH |
Portland Evergreens batting - Pitching for Boston Patriots : RHP Firpo Marberry
|
Batting: SHB Willie McGirt
|
0-0: Called Strike 0-1: Called Strike 0-2: Strikes out looking
|
Batting: RHB Jeff Solís
|
0-0: Called Strike 0-1: Foul Ball, location: 2F 0-2: Ball 1-2: Ball 2-2: Ball 3-2: Strikes out looking
|
Batting: RHB Blaze Alexander
|
0-0: Ground out 1-3 (Groundball, 13, EV 81.2 MPH)
|
Bottom of the 5th over - 0 runs, 0 hits, 0 errors, 0 left on base; Boston 3 - Portland 3 |
TOP OF THE 6TH |
Boston Patriots batting - Pitching for Portland Evergreens : RHP Robert Smalls
|
Pitching: RHP Keith Rojas
|
|
Batting: SHB Edward Sterrenburg
|
0-0: Foul Ball, location: 2F 0-1: Foul Ball, location: 2F 0-2: Fly out, F7 (Line Drive, 7, EV 107.5 MPH)
|
Batting: RHB Wilbur Davis
|
0-0: Foul Ball, location: 2F 0-1: Ball 1-1: Swinging Strike 1-2: Ball 2-2: Strikes out swinging
|
Batting: LHB Jeff Simpson
|
0-0: Ball 1-0: Ball 2-0: SINGLE (Groundball, 34D, EV 100.0 MPH)
|
Batting: RHB Roland Deschain
|
0-0: Ball 1-0: Called Strike 1-1: Ball 2-1: Swinging Strike 2-2: Foul Ball, location: 2F 2-2: Foul Ball, location: 2F 2-2: Fielders Choice at 2nd, 6-4 (Groundball, 6, EV 105.0 MPH)
|
Top of the 6th over - 0 runs, 1 hit, 0 errors, 1 left on base; Boston 3 - Portland 3 |
BOTTOM OF THE 6TH |
Portland Evergreens batting - Pitching for Boston Patriots : RHP Firpo Marberry
|
Batting: SHB Billy Dotson
|
0-0: Ball 1-0: Foul Ball, location: 2F 1-1: Foul Ball, location: 2F 1-2: Ball 2-2: Foul Ball, location: 2F 2-2: Fly out, F7 (Line Drive, 7D, EV 91.9 MPH)
|
Batting: LHB John Schaefer
|
0-0: Foul Ball, location: 2F 0-1: Hit by Pitch
|
Pitching: RHP Manuel Sánchez
|
|
Batting: RHB Pacu Martic
|
0-0: Ball 1-0: Called Strike 1-1: Ball 2-1: Ball 3-1: Ground out 5-3 (Groundball, 5S, EV 76.2 MPH) John Schaefer to second
|
Batting: RHB Armando Rodríguez
|
0-0: Called Strike 0-1: Foul Ball, location: 2F 0-2: Hit by Pitch
|
Batting: LHB Jérôme Masson
|
0-0: Called Strike 0-1: Ball 1-1: Ground out 4-3 (Groundball, 34, EV 96.2 MPH)
|
Bottom of the 6th over - 0 runs, 0 hits, 0 errors, 2 left on base; Boston 3 - Portland 3 |
TOP OF THE 7TH |
Boston Patriots batting - Pitching for Portland Evergreens : RHP Keith Rojas
|
Pitching: RHP Branlyn Jaraba
|
|
Batting: RHB Anselmo Berneu
|
0-0: Ball 1-0: Foul Ball, location: 2F 1-1: Foul Ball, location: 2F 1-2: Strikes out swinging
|
Batting: RHB John Mayasich
|
0-0: Called Strike 0-1: Fly out, F7 (Line Drive, 7, EV 91.2 MPH)
|
Batting: LHB Manuel Carmona
|
0-0: Swinging Strike 0-1: SINGLE (Line Drive, 6M, EV 99.4 MPH)
|
Batting: LHB Jorge Alejándrez
|
0-0: Ball 1-0: Foul Ball, location: 2F 1-1: Fly out, F9 (Flyball, 9LD, EV 91.9 MPH)
|
Top of the 7th over - 0 runs, 1 hit, 0 errors, 1 left on base; Boston 3 - Portland 3 |
BOTTOM OF THE 7TH |
Portland Evergreens batting - Pitching for Boston Patriots : RHP Manuel Sánchez
|
Batting: RHB Yu-shu Tseng
|
0-0: Ball 1-0: Foul Ball, location: 2F 1-1: Called Strike 1-2: Strikes out swinging, 2-3 out at first.
|
Batting: SHB Willie McGirt
|
0-0: Ground out 6-3 (Groundball, 6, EV 77.5 MPH)
|
Batting: RHB Jeff Solís
|
0-0: Foul Ball, location: 2F 0-1: Ball 1-1: Ball 2-1: Called Strike 2-2: Strikes out swinging
|
Bottom of the 7th over - 0 runs, 0 hits, 0 errors, 0 left on base; Boston 3 - Portland 3 |
TOP OF THE 8TH |
Boston Patriots batting - Pitching for Portland Evergreens : RHP Branlyn Jaraba
|
Batting: RHB Dennis Wacher
|
0-0: Foul Ball, location: 2F 0-1: Swinging Strike 0-2: Strikes out swinging
|
Batting: SHB Edward Sterrenburg
|
0-0: Ground out 4-3 (Groundball, 4, EV 97.5 MPH)
|
Batting: RHB Wilbur Davis
|
0-0: Ground out 5-3 (Groundball, 56, EV 85.6 MPH)
|
Top of the 8th over - 0 runs, 0 hits, 0 errors, 0 left on base; Boston 3 - Portland 3 |
BOTTOM OF THE 8TH |
Portland Evergreens batting - Pitching for Boston Patriots : RHP Manuel Sánchez
|
Pitching: LHP Leo Ingelbrigtsen
|
|
Batting: RHB Blaze Alexander
|
0-0: Called Strike 0-1: Foul Ball, location: 2F 0-2: Strikes out swinging
|
Batting: SHB Billy Dotson
|
0-0: Called Strike 0-1: Ball 1-1: Ball 2-1: Foul Ball, location: 2F 2-2: Foul Ball, location: 2F 2-2: Foul Ball, location: 2F 2-2: Foul Ball, location: 2F 2-2: Ball 3-2: Foul Ball, location: 2F 3-2: Foul Ball, location: 2F 3-2: Foul Ball, location: 2F 3-2: Foul Ball, location: 2F 3-2: Fly out, F7 (Line Drive, 7, EV 106.2 MPH)
|
Batting: LHB John Schaefer
|
0-0: Called Strike 0-1: Foul Ball, location: 2F 0-2: Ground out 4-3 (Groundball, 4, EV 97.5 MPH)
|
Bottom of the 8th over - 0 runs, 0 hits, 0 errors, 0 left on base; Boston 3 - Portland 3 |
TOP OF THE 9TH |
Boston Patriots batting - Pitching for Portland Evergreens : RHP Branlyn Jaraba
|
Batting: LHB Jeff Simpson
|
0-0: Ball 1-0: SINGLE (Line Drive, 9S, EV 104.4 MPH)
|
Batting: RHB Roland Deschain
|
0-0: Ground out 5-3 (Groundball, 56S, EV 74.4 MPH) Jeff Simpson to second
|
Batting: RHB Anselmo Berneu
|
0-0: Called Strike 0-1: Ball 1-1: Swinging Strike 1-2: Ball 2-2: Strikes out looking
|
Batting: RHB John Mayasich
|
0-0: Foul Ball, location: 2F 0-1: Ball 1-1: Foul Ball, location: 2F 1-2: Strikes out swinging
|
Top of the 9th over - 0 runs, 1 hit, 0 errors, 1 left on base; Boston 3 - Portland 3 |
BOTTOM OF THE 9TH |
Portland Evergreens batting - Pitching for Boston Patriots : LHP Leo Ingelbrigtsen
|
Batting: RHB Pacu Martic
|
0-0: Ball 1-0: Ball 2-0: Called Strike 2-1: Ball 3-1: Called Strike 3-2: Foul Ball, location: 2F 3-2: Strikes out swinging
|
Batting: RHB Armando Rodríguez
|
0-0: Ball 1-0: SINGLE (Groundball, 34S, EV 66.9 MPH) (infield hit)
|
Pitching: RHP Sam Mooney
|
|
Batting: LHB Jérôme Masson
|
0-0: Ball 1-0: Foul Ball, location: 2F 1-1: Ball 2-1: Ball 3-1: Called Strike 3-2: Fly out, F7 (Flyball, 78D, EV 87.5 MPH) Runner from 1st tags up, SAFE at 2nd
|
Batting: RHB Yu-shu Tseng
|
0-0: Ball 1-0: SINGLE (Groundball, 56D, EV 97.5 MPH) Armando Rodríguez to third Runner from 3rd tries for Home, throw by LF and OUT! 7-2
|
Bottom of the 9th over - 0 runs, 2 hits, 0 errors, 1 left on base; Boston 3 - Portland 3 |
TOP OF THE 10TH |
Boston Patriots batting - Pitching for Portland Evergreens : RHP Branlyn Jaraba
|
Batting: LHB Manuel Carmona
|
0-0: SINGLE (Flyball, 7S, EV 99.4 MPH)
|
Batting: LHB Jorge Alejándrez
|
0-0: Ball 1-0: Fielders Choice at 2nd, 1-4 (Groundball, 15, EV 91.2 MPH)
|
Batting: RHB Dennis Wacher
|
0-0: Ball 1-0: Ball 2-0: Ball 3-0: Base on Balls Jorge Alejándrez to second
|
Pitching: RHP Vicente Durango
|
|
Batting: SHB Edward Sterrenburg
|
0-0: Ball 1-0: Foul Ball, location: 2F 1-1: Ball 2-1: Swinging Strike 2-2: Fly out, F8 (Line Drive, 8LM, EV 101.9 MPH)
|
Batting: RHB Wilbur Davis
|
0-0: Ball 1-0: Fielders Choice at 2nd, 6-4 (Groundball, 6, EV 89.4 MPH)
|
Top of the 10th over - 0 runs, 1 hit, 0 errors, 2 left on base; Boston 3 - Portland 3 |
BOTTOM OF THE 10TH |
Portland Evergreens batting - Pitching for Boston Patriots : RHP Sam Mooney
|
Batting: SHB Willie McGirt
|
0-0: Ball 1-0: Swinging Strike 1-1: Foul Ball, location: 2F 1-2: Ball 2-2: Ball 3-2: Strikes out swinging
|
Batting: RHB Jeff Solís
|
0-0: SINGLE (Groundball, 4MD, EV 105.0 MPH)
|
Batting: RHB Blaze Alexander
|
0-0: Swinging Strike 0-1: Called Strike 0-2: Ball 1-2: Ball 2-2: Ball 3-2: Strikes out swinging
|
Batting: SHB Billy Dotson
|
0-0: Ball 1-0: Foul Ball, location: 2F 1-1: Ball 2-1: Ground out 4-3 (Groundball, 4S, EV 67.5 MPH)
|
Bottom of the 10th over - 0 runs, 1 hit, 0 errors, 1 left on base; Boston 3 - Portland 3 |
TOP OF THE 11TH |
Boston Patriots batting - Pitching for Portland Evergreens : RHP Vicente Durango
|
Batting: LHB Jeff Simpson
|
0-0: Swinging Strike 0-1: Called Strike 0-2: Ball 1-2: Strikes out swinging
|
Batting: RHB Roland Deschain
|
0-0: Foul Ball, location: 2F 0-1: Ball 1-1: Ball 2-1: Ground out 6-3 (Groundball, 56, EV 82.5 MPH)
|
Batting: RHB Anselmo Berneu
|
0-0: Ball 1-0: Foul Ball, location: 2F 1-1: Swinging Strike 1-2: Ball 2-2: Foul Ball, location: 2F 2-2: Ball 3-2: Strikes out swinging
|
Top of the 11th over - 0 runs, 0 hits, 0 errors, 0 left on base; Boston 3 - Portland 3 |
BOTTOM OF THE 11TH |
Portland Evergreens batting - Pitching for Boston Patriots : RHP Sam Mooney
|
Batting: LHB John Schaefer
|
0-0: Called Strike 0-1: Ball 1-1: Hit by Pitch
|
Batting: RHB Pacu Martic
|
0-0: Fly out, F3 (Popup, 23F, EV 76.2 MPH)
|
Batting: RHB Armando Rodríguez
|
0-0: Ball 1-0: SINGLE (Groundball, 56S, EV 69.4 MPH) (infield hit) John Schaefer to second
|
Pitching: RHP Shawn Williams
|
|
Batting: LHB Jérôme Masson
|
0-0: Ball 1-0: Foul Ball, location: 2F 1-1: Called Strike 1-2: Ball 2-2: Strikes out looking
|
Batting: RHB Yu-shu Tseng
|
0-0: Called Strike 0-1: Foul Ball, location: 2F 0-2: Ball 1-2: Ball 2-2: Strikes out swinging
|
Bottom of the 11th over - 0 runs, 1 hit, 0 errors, 2 left on base; Boston 3 - Portland 3 |
TOP OF THE 12TH |
Boston Patriots batting - Pitching for Portland Evergreens : RHP Vicente Durango
|
Batting: RHB John Mayasich
|
0-0: Swinging Strike 0-1: Foul Ball, location: 2F 0-2: Ball 1-2: Fly out, F6 (Popup, 6, EV 73.1 MPH)
|
Pitching: LHP Anaías Pedroza
|
|
Batting: LHB Manuel Carmona
|
0-0: Ball 1-0: Called Strike 1-1: Foul Ball, location: 2F 1-2: Ground out 4-3 (Groundball, 4, EV 90.0 MPH)
|
Batting: LHB Jorge Alejándrez
|
0-0: Swinging Strike 0-1: Foul Ball, location: 2F 0-2: Ball 1-2: Ball 2-2: Ball 3-2: Fly out, F9 (Line Drive, 9, EV 97.5 MPH)
|
Top of the 12th over - 0 runs, 0 hits, 0 errors, 0 left on base; Boston 3 - Portland 3 |
BOTTOM OF THE 12TH |
Portland Evergreens batting - Pitching for Boston Patriots : RHP Shawn Williams
|
Batting: SHB Willie McGirt
|
0-0: Called Strike 0-1: Ball 1-1: Swinging Strike 1-2: Strikes out swinging
|
Batting: RHB Jeff Solís
|
0-0: TRIPLE (Flyball, 9LD, EV 87.5 MPH)
|
Batting: RHB Blaze Alexander
|
0-0: Ball 1-0: Called Strike 1-1: Ball 2-1: Ball 3-1: Base on Balls
|
Batting: SHB Billy Dotson
|
0-0: Ball Blaze Alexander steals 2nd base (no throw) 1-0: Fly out, F9 (Flyball, 89D, EV 86.2 MPH)
|
Batting: LHB John Schaefer
|
0-0: Intentional Walk
|
Batting: RHB Pacu Martic
|
0-0: Called Strike 0-1: Ball 1-1: Foul Ball, location: 2F 1-2: Ball 2-2: Foul Ball, location: 2F 2-2: Ball Wild Pitch! Jeff Solís scores
|
 |
Thursday, January 23rd, 2020 - OOTP Baseball 20.8 Build 74
|
|